AoeStats
← silvermoonknightgaming12345

Arena

507133452Analyzed
1v1 RM · 17d ago on Sep 16, 2026· 35m 14s· 2 players
Game mode
Random Map
Map size
Tiny (2 player)
Population
200
Speed
Normal
Resources
Standard
Victory
Conquest
Starting age
Dark Age
Ending age
Imperial Age
RankedLock teamsTeams togetherTeam positionsShared explorationLock speedFull tech treeHidden civsTurbo modeCheats
Victory
Defeat
🇨🇱 Spanish · Chile
513
+14
476
-14
silvermoonknightgaming12345
2:38 Loom
12:41 Feudal Age
14:13 Double-Bit Axe
15:35 Wheelbarrow
15:38 Forging
17:15 Domestication
18:28 Scale Barding Armor
22:22 Castle Age
27:02 Elite Skirmisher
28:27 Gold Mining
28:28 Stone Mining
32:00 Husbandry
32:38 Town Watch
34:15 Hand Cart
Zambito
3:51 Loom
12:26 Feudal Age
13:57 Double-Bit Axe
18:25 Castle Age
18:33 Pikeman
19:28 Forging
22:52 Iron Casting
23:41 Scale Mail Armor
29:09 Imperial Age
28:10 Bow Saw
27:45 Horse Collar
29:25 Capped Ram
31:10 Capped Ram
33:03 Conscription
32:41 Gold Mining
34:41 Blast Furnace
34:51 Chemistry
33:52 Stone Mining
Connection lost

Rejoining the realm…

Still unreachable

The connection could not be restored.

Session expired

The server has moved on; the page needs a fresh start.